 Dungeon Crawl Stone Soup version 0.29-a0-25-g7f48f510a0 (webtiles) character file.

Game seed: 1230965258367166830

27902 robertstho the Thaumaturge (level 13, -20/136 HPs)
             Began as a Djinni Fire Elementalist on Jan 31, 2022.
             Was an Elder of Makhleb.
             Killed from afar by an ice dragon (37 damage)
             ... with a blast of cold
             ... on level 4 of the Lair of Beasts.
             The game lasted 00:32:03 (15416 turns).

robertstho the Thaumaturge (DjFE)                  Turns: 15416, Time: 00:32:03

Health: -20/136    AC: 29    Str:  7    XL:     13   Next: 69%
Gold:   864        EV:  2    Int: 32    God:    Makhleb [****..] SH: 11 Dex: 15

rFire   . . .      SeeInvis .   t - +3 mace of Ujiussas {vorpal, Int+5}
rCold   . . .      Faith    .   f - +2 kite shield {AC+3}
rNeg    . . .      Spirit   .   (armour currently unavailable)
rPois   ∞          Reflect  .   (helmet currently unavailable)
rElec   .          Harm     .   (cloak currently unavailable)
rCorr   .          Rampage  .   (gloves currently unavailable)
Will    +....      NoTele   +   (boots unavailable)
Stlth   ++........              z - amulet of the acrobat
HPRegen 0.32/turn               L - +6 ring of intelligence
MPRegen 0.00/turn               S - +4 ring of evasion

@: tree-form
A: stationary, stasis, torment immunity, boosted hp, sickness immunity, (fire
resistance 2), (cold vulnerability 1), float, innate caster, HP casting, extra
vitality 1
a: Renounce Religion, Minor Destruction, Lesser Servant of Makhleb, Major
Destruction


You were on level 4 of the Lair of Beasts.
You worshipped Makhleb.
Makhleb was greatly pleased with you.
You were a tree.
You visited 3 branches of the dungeon, and saw 15 of its levels.

You collected 921 gold pieces.
You spent 57 gold pieces at shops.

Inventory:

Hand Weapons
 b - a +0 short sword
 i - a +1 dagger of venom
 t - the +3 mace of Ujiussas (weapon) {vorpal, Int+5}
   (You found it on level 4 of the Dungeon)

   It inflicts extra damage upon your enemies.
   Int:       It affects your intelligence (+5).
Missiles
 E - 2 throwing nets
Armour
 f - a +2 kite shield of protection (worn)
 s - a +0 cloak (melded)
 H - a +1 hat of willpower (melded)
 I - the +1 robe of Nemelex Xobeh's Envy (melded) {rPois Regen+ Archmagi}
   (You found it on level 9 of the Dungeon)

   rPois:     It protects you from poison.
   Regen:     It increases your rate of health regeneration.
   Archmagi:  It increases the power of your magical spells.
Jewellery
 z - an amulet of the acrobat (around neck)
 L - a +6 ring of intelligence (left branch)
 P - a ring of positive energy
 S - a +4 ring of evasion (right branch)
Wands
 a - a wand of acid (3)
 c - a wand of charming (7)
 k - a wand of digging (6)
 p - a wand of paralysis (6)
 x - a wand of flame (33)
 B - a wand of iceblast (32)
 M - a wand of mindburst (4)
Scrolls
 e - 2 scrolls of brand weapon
 g - a scroll of vulnerability
 j - 5 scrolls of fog
 m - a scroll of fear
 n - 2 scrolls of teleportation
 q - a scroll of immolation {unknown}
 v - 2 scrolls of blinking {unknown}
 w - a scroll of noise {unknown}
 y - a scroll of acquirement {unknown}
 C - a scroll of enchant weapon {unknown}
 F - a scroll of silence {unknown}
 G - a scroll of amnesia {unknown}
 J - 2 scrolls of enchant armour {unknown}
 K - a scroll of holy word
 Q - 2 scrolls of magic mapping {unknown}
 R - 3 scrolls of identify
Potions
 d - a potion of resistance {unknown}
 h - 2 potions of curing
 l - a potion of flight {unknown}
 o - 2 potions of haste {unknown}
 r - a potion of invisibility {unknown}
 u - a potion of attraction {unknown}
 A - a potion of lignification
 N - a potion of cancellation {unknown}
 O - a potion of magic {unknown}


   Skills:
 * Level 7.6 Fighting
 + Level 1.8 Maces & Flails
 + Level 5.0 Dodging
 + Level 2.9 Stealth
 + Level 3.6 Shields
 * Level 14.8 Spellcasting
 * Level 5.5 Invocations


You had 9 spell levels left.
You knew the following spells:

 Your Spells              Type           Power      Damage    Failure   Level
a - Foxfire               Conj/Fire      100%       2x1d9     0%          1
b - Scorch                Fire           100%       2d10      1%          2
c - Conjure Flame         Conj/Fire      87%        6-21      1%          3
d - Inner Flame           Hex/Fire       87%        N/A       1%          3
e - Flame Wave            Conj/Fire      87%        2d15      1%          4
f - Animate Skeleton      Necr           100%       N/A       0%          1
g - Wereblood             Tmut           87%        N/A       1%          2
h - Mephitic Cloud        Conj/Pois/Air  87%        N/A       1%          3
i - Hailstorm             Conj/Ice       87%        3d17      1%          4
j - Animate Dead          Necr           43%        N/A       1%          4
k - Blade Hands           Tmut           43%        N/A       1%          5
Your spell library was empty.

Dungeon Overview and Level Annotations

Branches:
Dungeon (10/15)            Temple (1/1) D:7            Lair (4/6) D:9
 Shoals (0/4) Lair:4        Snake (0/4) Lair:3
    Orc: D:9-12

Altars:
Ashenzari
Cheibriados
Fedhas
Gozag
Hepliaklqana
Kikubaaqudgha
Makhleb
Nemelex Xobeh
Okawaru
Qazlal
Sif Muna
Wu Jian
Xom
Yredelemnul
Zin
The Shining One

Shops:
D:4 *   D:5 [   D:7 :

Annotations:
D:10 Fannar


Innate Abilities, Weirdness & Mutations

You are a tree.
Your roots penetrate the ground, keeping you stationary.
You cannot be teleported.
You are immune to unholy pain and torment.
Your maximum health is greatly increased.
Your equipment is partially melded.
You are immune to sickness and miasma.
You are immune to poison.
((Your flesh is very heat resistant. (rF++)))
((You are vulnerable to cold. (rC-)))
You float through the air rather than walking.
You learn spells naturally, not from books.
Your magical power is your life essence.
You have superior vitality. (+4 MHP)


Message History

Found 6 arrows.
Your bullfrog hits the ice dragon but does no damage.
The ice dragon bites your bullfrog! The ice dragon claws your bullfrog!
Your bullfrog dies!
Your bullfrog's corpse dissolves into shadows!
Really quaff the potion of lignification?
You turn into a tree.
Your +0 cloak melds into your body.
Your +1 hat of willpower melds into your body.
The +1 robe of Nemelex Xobeh's Envy {rPois Regen+ Archmagi} melds into your body.
You feel less strong-willed.
Your roots penetrate the ground.
Casting: Scorch (safe; 1% risk of failure)
Confirm with . or Enter, or press ? or * to list all spells.
Flames lash the ice dragon.
The ice dragon is burned terribly!
The ice dragon is lightly wounded.
The ice dragon's fire resistance burns away.
You hear an angry growl.
The ice dragon breathes frost at you. The blast of cold hits you!!!
* * * LOW HITPOINT WARNING * * *
You feel better.
You feel better.
The ice dragon is engulfed in freezing vapours.
Casting: Scorch (safe; 1% risk of failure)
Confirm with . or Enter, or press ? or * to list all spells.
Flames lash the ice dragon.
The ice dragon is burned terribly!
The ice dragon is moderately wounded.
* * * LOW HITPOINT WARNING * * *
The ice dragon breathes frost at you. The blast of cold hits you!!
* * * LOW HITPOINT WARNING * * *
You hear an angry growl.
Something shouts, "Give up, thou craven base-court buzzard-bait!"
Aiming: Corrosive Bolt
Press: ? - help, Shift-Dir - straight line, f/p - ice dragon
Aim: an ice dragon (moderately wounded, more vulnerable to fire, 79% to hit)
The bolt of acid hits the ice dragon.
The acid corrodes the ice dragon!
The ice dragon is moderately wounded.
The ice dragon breathes frost at you. The blast of cold hits you!!!
You die...

#.... #....##....#..P..
#.... #....###.......#.
.....###.....##.........
...[..#...#.#...........
.≈≈≈.⌠..................
.≈≈.≈..........<......>.
...≈≈≈............###..#
≈≈.≈≈≈†...........# ####
≈....≈D♣..........#
≈≈.......#.P#......#
≈≈≈≈.....#.##.....+...
≈≈≈≈.?.....##.....###..
≈≈≈........[#.....# ..
≈≈≈≈.......##.....# .
≈≈.≈≈.P.###........
≈≈(≈...P# ..


You could see an ice dragon (catching breath, combustible, corroded).

Vanquished Creatures
  Gastronok (D:8)
  7 hydras
  6 death yaks (Lair:3)
  A two-headed ogre (D:9)
  A tengu warrior (D:8)
  Pikel (D:7)
  A deep elf zephyrmancer (D:9)
  A deep elf pyromancer (D:9)
  2 black mambas
  7 cane toads
  Maggie (Lair:2)
  3 komodo dragons
  A troll (D:9)
  A polar bear (Lair:4)
  Prince Ribbit (D:7)
  5 blink frogs (Lair:1)
  Sigmund (D:3)
  26 yaks
  3 wyverns
  A steam dragon (Lair:2)
  2 nagas (Lair:3)
  Duvessa (D:7)
  15 water moccasins
  4 black bears
  A hornet zombie (D:5)
  3 orc warriors
  A swamp drake (D:9)
  A necrophage (D:4)
  4 ice beasts
  3 wolves (Lair:3)
  2 ogres
  3 centaurs (D:9)
  A phantom (D:5)
  A kobold brigand (D:9)
  16 bullfrogs
  4 scorpions
  A gnoll sergeant (D:8)
  Dowan (D:7)
  5 wights (D:6)
  A crimson imp (D:9)
  4 centaur zombies
  A jelly (D:6)
  A bullfrog zombie (D:6)
  6 hounds
  Crazy Yiuf (D:4)
  A centaur skeleton (D:6)
  3 orc priests
  An iron imp (D:9)
  8 orc wizards
  A gnoll shaman (D:9)
  4 iguanas
  A killer bee zombie (D:6)
  A hound skeleton (D:4)
  10 gnolls
  8 adders
  A river rat (D:3)
  2 shadow imps
  2 white imps
  3 worms
  2 dart slugs
  30 orcs
  9 endoplasms
  3 giant cockroaches
  9 goblins
  12 hobgoblins
  7 jackals
  7 kobolds
  8 quokkas
  7 ball pythons
  5 bats
  4 frilled lizards
  12 rats
315 creatures vanquished.

Vanquished Creatures (collateral kills)
  A foxfire (Lair:3)
1 creature vanquished.

Vanquished Creatures (others)
  A polar bear (Lair:4)
  480 foxfires
  15 fungi
  39 plants
535 creatures vanquished.

Grand Total: 851 creatures vanquished

Notes
Turn   | Place    | Note
-------+----------+-------------------------------------------
     0 | D:1      | robertstho the Djinni Fire Elementalist began the quest for
                  | the Orb.
     0 | D:1      | Reached XP level 1. HP: 15/15 MP: 0/0
    44 | D:1      | Reached XP level 2. HP: 11/21 MP: 0/0
   953 | D:2      | Reached skill level 3 in Spellcasting
   953 | D:2      | Reached XP level 3. HP: 24/26 MP: 0/0
   953 | D:2      | Learned a level 1 spell: Animate Skeleton
  2108 | D:2      | Reached XP level 4. HP: 27/31 MP: 0/0
  2779 | D:3      | Noticed Sigmund
  2790 | D:3      | Killed Sigmund
  2791 | D:3      | Reached skill level 1 in Fighting
  2791 | D:3      | Reached skill level 4 in Spellcasting
  2791 | D:3      | Reached XP level 5. HP: 12/37 MP: 0/0
  2791 | D:3      | Learned a level 2 spell: Wereblood
  2791 | D:3      | Reached XP level 6. HP: 14/42 MP: 0/0
  3019 | D:3      | Found a faded altar of an unknown god.
  3167 | D:3      | Noticed an orc warrior
  3397 | D:3      | Found a snail-covered altar of Cheibriados.
  3699 | D:3      | Reached skill level 5 in Spellcasting
  3931 | D:3      | Killed an orc warrior
  3932 | D:3      | Reached XP level 7. HP: 23/49 MP: 0/0
  3932 | D:3      | Learned a level 3 spell: Mephitic Cloud
  4772 | D:4      | Reached skill level 6 in Spellcasting
  4772 | D:4      | Reached XP level 8. HP: 26/55 MP: 0/0
  5026 | D:4      | Found Juem's Assorted Antiques.
  5081 | D:4      | Bought a scroll labelled JUG LUSIEPHIOMM for 19 gold pieces
  5081 | D:4      | Bought a scroll of identify for 38 gold pieces
  5548 | D:4      | Found a runed translucent door.
  5549 | D:4      | Noticed Crazy Yiuf
  5631 | D:4      | Killed Crazy Yiuf
  5640 | D:4      | Identified the +3 mace of Ujiussas {vorpal, Int+5}
  5676 | D:5      | Entered Level 5 of the Dungeon
  5994 | D:5      | Reached skill level 7 in Spellcasting
  6153 | D:5      | Found Zenuwkof's Armour Boutique.
  6760 | D:6      | Noticed a yak
  6763 | D:6      | Noticed a yak
  6764 | D:6      | Killed a yak
  6765 | D:6      | Reached XP level 9. HP: 55/61 MP: 0/0
  6765 | D:6      | Learned a level 4 spell: Hailstorm
  6772 | D:6      | Reached skill level 1 in Shields
  6784 | D:6      | Reached skill level 8 in Spellcasting
  7414 | D:6      | Reached skill level 9 in Spellcasting
  7991 | D:6      | Reached XP level 10. HP: 65/67 MP: 0/0
  8208 | D:7      | Found a staircase to the Ecumenical Temple.
  8245 | D:7      | Found Zitieteu's Self-Improvement Boutique.
  8253 | Temple   | Entered the Ecumenical Temple
  8462 | Temple   | Became a worshipper of Makhleb the Destroyer
  8503 | D:7      | Noticed Duvessa
  8503 | D:7      | Noticed Dowan
  8507 | D:7      | Killed Duvessa
  8510 | D:7      | Killed Dowan
  8733 | D:7      | Noticed Pikel
  8740 | D:7      | Killed Pikel
  8741 | D:7      | Reached skill level 1 in Maces & Flails
  8741 | D:7      | Reached skill level 10 in Spellcasting
  8942 | D:7      | Noticed Prince Ribbit
  8965 | D:7      | Killed Prince Ribbit
  9831 | D:8      | Noticed Gastronok
  9861 | D:8      | Noticed a tengu warrior
  9901 | D:8      | Killed a tengu warrior
  9902 | D:8      | Reached skill level 5 in Fighting
 10244 | D:8      | Killed Gastronok
 10245 | D:8      | Reached skill level 11 in Spellcasting
 10245 | D:8      | Reached XP level 11. HP: 48/76 MP: 0/0
 10245 | D:8      | Learned a level 4 spell: Animate Dead
 10889 | D:9      | Reached * piety under Makhleb
 11244 | D:9      | Noticed a two-headed ogre
 11255 | D:9      | Killed a two-headed ogre
 11256 | D:9      | Reached skill level 1 in Invocations
 11285 | D:10     | Entered Level 10 of the Dungeon
 11285 | D:10     | Noticed Fannar
 11305 | D:9      | Noticed a deep elf pyromancer
 11309 | D:9      | Killed a deep elf pyromancer
 11567 | D:9      | Noticed a deep elf zephyrmancer
 11569 | D:9      | Killed a deep elf zephyrmancer
 11644 | D:9      | Identified the +1 robe of Nemelex Xobeh's Envy {rPois
                  | Regen+ Archmagi}
 11771 | D:9      | Found a staircase to the Lair.
 11804 | D:9      | Reached ** piety under Makhleb
 12024 | Lair:1   | Entered Level 1 of the Lair of Beasts
 12093 | Lair:1   | Reached skill level 12 in Spellcasting
 12629 | Lair:2   | Reached XP level 12. HP: 84/84 MP: 0/0
 12834 | Lair:2   | Noticed Maggie
 12845 | Lair:2   | Killed Maggie
 12849 | Lair:2   | Noticed a four-headed hydra
 13067 | Lair:2   | Noticed a seven-headed hydra
 13189 | Lair:2   | Killed a seven-headed hydra
 13190 | Lair:2   | Reached skill level 13 in Spellcasting
 13266 | Lair:2   | Killed a four-headed hydra
 13799 | Lair:3   | Reached *** piety under Makhleb
 13909 | Lair:3   | Noticed a six-headed hydra
 13935 | Lair:3   | Killed a six-headed hydra
 14039 | Lair:3   | Noticed a death yak
 14040 | Lair:3   | Noticed a death yak
 14040 | Lair:3   | Noticed a death yak
 14041 | Lair:3   | Noticed a death yak
 14042 | Lair:3   | Noticed a death yak
 14043 | Lair:3   | Noticed a death yak
 14112 | Lair:3   | Killed a death yak
 14151 | Lair:3   | Noticed a four-headed hydra
 14156 | Lair:3   | Killed a four-headed hydra
 14157 | Lair:3   | Reached XP level 13. HP: 89/89 MP: 0/0
 14157 | Lair:3   | Learned a level 5 spell: Blade Hands
 14213 | Lair:3   | Reached skill level 5 in Dodging
 14312 | Lair:3   | Reached skill level 14 in Spellcasting
 14342 | Lair:3   | Reached skill level 5 in Invocations
 14498 | Lair:3   | Noticed a six-headed hydra
 14612 | Lair:3   | Killed a six-headed hydra
 14753 | Lair:3   | Found a staircase to the Snake Pit.
 14979 | Lair:4   | Noticed an eight-headed hydra
 14983 | Lair:4   | Killed an eight-headed hydra
 15035 | Lair:4   | Noticed an ice dragon
 15122 | Lair:4   | Noticed a seven-headed hydra
 15126 | Lair:4   | Killed a seven-headed hydra
 15126 | Lair:4   | Reached **** piety under Makhleb
 15226 | Lair:4   | Found a staircase to the Shoals.
 15416 | Lair:4   | Killed from afar by an ice dragon

Illustrated notes

Levels and vault maps discovered:
D:1:      mrwooster_arrival_arrow, layout_rooms
D:2:      layout_basic, roderic_lattice_a, st_stairs_8
D:3:      minmay_spotlight, layout_loops_ring, mainiacjoe_overflow_chevrons,
          gup_sewer_entry_bubbles,
          dreamdust_ecumenical_altar_hidden_monk_grotto, uniq_sigmund
D:4:      minmay_opposing_rooms, layout_basic, serial_shops,
          nicolae_shop_crystal, uniq_crazy_yiuf_cottage
D:5:      layout_basic, serial_shops, kennysheep_little_box,
          chequers_serial_rivers_small_b
D:6:      layout_gridville
D:7:      layout_loops_ring, minmay_temple_entry_mist, nicolae_shop_self_help,
          uniq_pikel, uniq_duvessa, uniq_prince_ribbit1
D:8:      layout_basic, uniq_gastronok
D:9:      layout_cave_pools, grunt_lair_entry_orc_guard_hut,
          hangedman_minor_magic
D:10:     layout_irregular_city, uniq_fannar, uniq_harold
Temple:   roderic_octagonal_lattice_temple
Lair:1:   layout_big_grid
Lair:2:   layout_hall_layers, grunt_megastairs_1, uniq_maggie
Lair:3:   layout_gridlike, guppyfry_snake_entry_garden,
          cheibrodos_lair_reptile_den, grunt_megastairs_3
Lair:4:   layout_regular_city, shoals_dummy_entry, minmay_holes,
          hangedman_lair_unloving_vines, ice2_lemuel

Skill      XL: |  1  2  3  4  5  6  7  8  9 10 11 12 13 |
---------------+----------------------------------------+-----
Spellcasting   | 3 4 5 6 7 9 11 12 13 14 | 14.8
Fighting       | 1 2 3 4 5 6 7 |  7.6
Stealth        | 2 |  2.9
Dodging        | 3 4 5 |  5.0
Shields        | 1 2 3 |  3.6
Maces & Flails | 1 |  1.8
Invocations    | 2 4 5 |  5.5

Action                   |  1- 3 |  4- 6 |  7- 9 | 10-12 | 13-15 || total
-------------------------+-------+-------+-------+-------+-------++-------
Melee: Short sword       |     1 |     1 |       |       |       ||     2
       Mace              |       |       |    23 |    30 |     7 ||    60
 Cast: Foxfire           |    80 |    52 |    97 |    29 |    21 ||   279
       Scorch            |     2 |    39 |    97 |   120 |    61 ||   319
       Conjure Flame     |       |     1 |       |     6 |     4 ||    11
       Animate Skeleton  |       |       |     1 |       |       ||     1
       Mephitic Cloud    |       |       |     2 |    22 |     7 ||    31
       Hailstorm         |       |       |     6 |    88 |    28 ||   122
       Flame Wave        |       |       |     1 |       |     2 ||     3
Evoke: Wand              |       |       |       |       |     1 ||     1
  Use: Scroll            |       |     5 |     3 |     7 |     2 ||    17
       Potion            |       |       |       |     4 |     3 ||     7
Armor: Robe              |     8 |     3 |    26 |    28 |    15 ||    80
Dodge: Dodged            |     9 |     6 |    33 |    65 |    29 ||   142
Block: Kite shield       |     6 |     6 |    46 |    73 |    31 ||   162

Table legend: (Time is in decaauts)
 A = Elapsed time spent in this place.
 B = Non-inter-level travel time spent in this place.
 C = Inter-level travel time spent in this place.
 D = Time resting spent in this place.
 E = Time spent auto-exploring this place.
 F = Levels seen in this place.
 G = Mean time per level.
                   A        B        C        D        E       F      G
               +--------+--------+--------+--------+--------+-----+--------+
         Total |  15447 |  14944 |    503 |   1013 |  11757 |  15 | 1029.8 |
       Dungeon |  11818 |  11482 |    336 |    605 |   9509 |  10 | 1181.8 |
        Temple |    230 |    179 |     51 |      0 |    163 |   1 |  230.0 |
          Lair |   3398 |   3284 |    114 |    408 |   2085 |   4 |  849.5 |
               +--------+--------+--------+--------+--------+-----+--------+

Top non-repeatable levels by time:
     D:3: 2207 daAuts
     D:6: 1502 daAuts
     D:2: 1362 daAuts
     D:8: 1340 daAuts
  Lair:3: 1302 daAuts
     D:4: 1221 daAuts
     D:9: 1153 daAuts
     D:7: 1113 daAuts
  Lair:2: 1083 daAuts
     D:5: 1031 daAuts
     D:1: 883 daAuts
  Lair:1: 645 daAuts
  Lair:4: 365 daAuts
  Temple: 230 daAuts
    D:10: 1 daAuts
